Canucks vs Checkers
Created - February 27, 2025 at 20:01
Goals
|
| Canucks |
2 |
1 |
2 |
5 |
| Checkers |
2 |
1 |
1 |
4 |
|
Shots
|
| Canucks |
8 |
6 |
20 |
34 |
| Checkers |
9 |
24 |
10 |
43 |
|
1st period
1. Checkers , Dylan Gambrell 24 (Grigori Denisenko 21) at 8:21
2. Checkers , Andrei Svechnikov 37 (Dylan Gambrell 57, Matt Puempel 13) at 9:52
3. Canucks , Ryan Lomberg 40 (Nicolas Petan 53) at 14:15
4. Canucks , Curtis Lazar 26 (Nicolas Petan 54) at 15:46 (PP)
Penalties :
Nicolas Petan (Abb) for Tripping (Minor) at 1:46, William Lagesson (Abb) for Roughing (Minor) at 9:55, John Draeger (Cha) for Cross-checking (Minor) at 15:09, Viktor Baldayev (Cha) for Elbowing (Minor) at 18:25
2nd period
5. Canucks , Juho Lammikko 20 (William Lagesson 17, Trevor Moore 9) at 13:06
6. Checkers , Roberts Lipsbergs 16 (Shane Bowers 8, Kieffer Bellows 8) at 17:55
Penalties :
Daniil Miromanov (Abb) for Tripping (Minor) at 6:31
3rd period
7. Checkers , Timothy Liljegren 12 (Andrei Svechnikov 45, John Draeger 14) at 7:04 (PP)
8. Canucks , Trevor Moore 19 (Juho Lammikko 25, Axel Holmstrom 23) at 10:57 (PP)
9. Canucks , Ryan Lomberg 41 (Nicolas Petan 55) at 12:41
Penalties :
Ryan Lomberg (Abb) for Unsportsmanlike conduct (Minor) at 6:22, Patrick Brown (Cha) for Roughing (Minor) at 9:35, Patrick Brown (Cha) for Slashing (Minor) at 12:46, Axel Holmstrom (Abb) for Tripping (Minor) at 17:44
Goalie Stats
Thatcher Demko (Abb), 39 saves from 43 shots - (0.907), W, 29-9-3, 60:00 minutes
Joseph Woll (Cha), 29 saves from 34 shots - (0.853), L, 13-19-2, 58:50 minutes
Players Stats for Canucks
Player Name G A P +/- PIM S H SB GA TA FO MP PP MP PK MP
------------------------------------------------------------------------------------
Adam Ollas-Mattsson 0 0 0 0 0 2 1 1 0 1 0/0 30:58 3:51 5:07
Aleksi Heponiemi 0 0 0 -2 0 0 2 1 0 0 0/3 11:55 0:00 1:33
Axel Holmstrom 0 1 1 1 2 2 0 1 0 0 3/7 17:07 2:39 2:38
C.J. Smith 0 0 0 -1 0 0 2 0 1 0 0/0 5:50 0:00 0:00
Curtis Lazar 1 0 1 2 0 6 3 0 1 1 2/5 20:48 3:18 0:00
Dan Renouf 0 0 0 0 0 2 3 2 1 1 0/0 30:56 3:51 4:51
Daniil Miromanov 0 0 0 -1 2 0 1 2 0 1 0/0 20:27 2:06 2:52
Jack Rathbone 0 0 0 1 0 1 0 0 0 0 0/0 8:19 0:00 0:06
Juho Lammikko 1 1 2 1 0 3 3 1 0 0 1/1 14:14 2:39 0:00
Lane Pederson 0 0 0 -1 0 2 0 0 0 0 1/2 5:50 0:00 0:00
Mackenzie MacEachern 0 0 0 -2 0 3 1 0 1 0 0/0 11:52 0:00 1:23
Nicolas Petan 0 3 3 2 2 2 1 1 0 0 25/52 25:02 3:18 3:52
Ryan Lomberg 2 0 2 2 2 3 2 0 0 0 1/1 24:41 3:18 3:53
Tobias Lindberg 0 0 0 -1 0 0 0 0 1 0 0/0 5:50 0:00 0:00
Trevor Moore 1 1 2 1 0 1 2 0 2 1 2/2 18:19 2:39 3:57
Will Borgen 0 0 0 1 0 0 0 0 0 0 0/0 9:38 0:00 1:27
William Lagesson 0 1 1 -1 2 5 1 1 0 1 0/0 19:49 2:06 2:53
William Lockwood 0 0 0 -2 0 2 0 0 1 0 0/0 9:42 0:00 0:00
Players Stats for Checkers
Player Name G A P +/- PIM S H SB GA TA FO MP PP MP PK MP
------------------------------------------------------------------------------------
Andrei Svechnikov 1 1 2 0 0 4 2 1 0 1 0/0 21:10 4:42 0:00
Austin Poganski 0 0 0 -1 0 5 6 0 0 0 0/1 18:02 3:50 2:17
Dylan Gambrell 1 1 2 0 0 3 1 1 2 0 13/32 22:30 4:42 1:20
Grigori Denisenko 0 1 1 -1 0 2 3 1 0 1 0/0 15:45 3:50 0:00
Jared McIsaac 0 0 0 0 0 0 0 2 0 0 0/0 11:21 0:00 0:00
John Draeger 0 1 1 -1 2 2 4 2 0 0 0/0 28:30 4:42 3:09
Jordan Harris 0 0 0 0 0 0 1 0 0 0 0/0 11:55 0:00 0:34
Kieffer Bellows 0 1 1 0 0 0 0 0 0 0 1/1 9:51 0:06 0:00
Matt Puempel 0 1 1 0 0 1 1 1 1 0 0/0 12:13 0:06 2:22
Michael Anderson 0 0 0 1 0 5 1 0 0 0 0/0 19:31 3:56 2:11
Mitchell Heard 0 0 0 0 0 2 0 0 0 1 9/14 14:03 0:06 4:10
Nick Abruzzese 0 0 0 -1 0 2 1 1 0 1 11/16 15:45 3:50 0:00
Patrick Brown 0 0 0 0 4 7 1 0 1 0 2/6 22:52 4:42 1:42
Roberts Lipsbergs 1 0 1 1 0 1 3 0 0 0 0/0 7:18 0:00 0:03
Shane Bowers 0 1 1 1 0 2 0 0 0 0 2/3 7:15 0:00 0:00
Timothy Liljegren 1 0 1 -1 0 5 0 1 2 1 0/0 29:19 4:42 3:57
Tyce Thompson 0 0 0 1 0 0 0 0 0 1 0/0 7:15 0:00 0:00
Viktor Baldayev 0 0 0 1 2 2 1 0 0 2 0/0 19:24 3:56 2:03
3 Stars
1 - Ryan Lomberg (Abb)
2 - Juho Lammikko (Abb)
3 - Trevor Moore (Abb)
Power Play
Canucks - 2 on 4 Attempt(s) - 50.00%
Checkers - 1 on 5 Attempt(s) - 20.00%
Penalty Kill
Canucks - 4 on 5 Attempt(s) - 80.00%
- Score 0 goal in Penalty Kill
Checkers - 2 on 4 Attempt(s) - 50.00%
- Score 0 goal in Penalty Kill
Team Stat
Canucks - Hits : 22 - Faceoff Wins : 35 - Blocked Shots : 10 - Penalty Minutes : 10
Checkers - Hits : 25 - Faceoff Wins : 38 - Blocked Shots : 10 - Penalty Minutes : 8
Official
Referees : Mitch Dunning and Brad Meier
Linesman : Libor Suchanek and Pierre Racicot
Game Notes
No Game Note
Finance
Level 1 -- Attendance: 2000 (100.00%) -- Ticket Income $140,000
Level 2 -- Attendance: 882 (88.20%) -- Ticket Income $35,280
Total Attendance: 2882 (96.07%)
Total Ticket Income: $175,280
Other Income: $8,764
Total Income: $184,044
Canucks
5 vs 5 Forward
Center Left Wing Right Wing Time % Phy DF OF
1 Nicolas Petan Ryan Lomberg Curtis Lazar 53 1 2 2
2 Axel Holmstrom Trevor Moore Juho Lammikko 30 1 2 2
3 Aleksi Heponiemi Mackenzie MacEachern William Lockwood 13 1 2 2
4 Lane Pederson C.J. Smith Tobias Lindberg 4 1 2 2
5 vs 5 Defense
Defense Defense Time % Phy DF OF
1 Adam Ollas-Mattsson Dan Renouf 50 1 2 2
2 William Lagesson Daniil Miromanov 30 1 2 2
3 Will Borgen Jack Rathbone 15 1 2 2
4 Adam Ollas-Mattsson Dan Renouf 5 1 2 2
PowerPlay Forward
Center Left Wing Right Wing Time % Phy DF OF
1 Nicolas Petan Ryan Lomberg Curtis Lazar 60 1 2 2
2 Axel Holmstrom Trevor Moore Juho Lammikko 40 1 2 2
PowerPlay Defense
Defense Defense Time % Phy DF OF
1 Adam Ollas-Mattsson Dan Renouf 60 1 2 2
2 William Lagesson Daniil Miromanov 40 1 2 2
Penalty Kill 4 Players Forward
Center Wing Time % Phy DF OF
1 Nicolas Petan Ryan Lomberg 60 1 2 2
2 Axel Holmstrom Trevor Moore 40 1 2 2
Penalty Kill 4 Players Defense
Defense Defense Time % Phy DF OF
1 Adam Ollas-Mattsson Dan Renouf 60 1 2 2
2 William Lagesson Daniil Miromanov 40 1 2 2
Penalty Kill - 3 Players Forward
Forward Time % Phy DF OF
1 Nicolas Petan 60 1 2 2
2 Axel Holmstrom 40 1 2 2
Penalty Kill - 3 Players Defense
Defense Defense Time % Phy DF OF
1 Adam Ollas-Mattsson Dan Renouf 60 1 2 2
2 William Lagesson Daniil Miromanov 40 1 2 2
4 vs 4 Forward
Center Wing Time % Phy DF OF
1 Nicolas Petan Ryan Lomberg 60 1 2 2
2 Axel Holmstrom Trevor Moore 40 1 2 2
4 vs 4 Defense
Defense Defense Time % Phy DF OF
1 Adam Ollas-Mattsson Dan Renouf 60 1 2 2
2 William Lagesson Daniil Miromanov 40 1 2 2
Last Minutes Offensive
Center Left Wing Right Wing Defense Defense
Nicolas Petan Ryan Lomberg Curtis Lazar Adam Ollas-Mattsson Dan Renouf
Last Minutes Defensive
Center Left Wing Right Wing Defense Defense
Nicolas Petan Ryan Lomberg Curtis Lazar Adam Ollas-Mattsson Dan Renouf
Goaltenders
Starting : Thatcher Demko
Backup : Casey DeSmith
Extra Forwards
Normal : Trevor Moore, Axel Holmstrom, Mackenzie MacEachern - PP : Trevor Moore, Axel Holmstrom - PK : Trevor Moore
Extra Defensemen
Normal : Daniil Miromanov, Will Borgen, Jack Rathbone - PP : Daniil Miromanov - PK : Daniil Miromanov, Will Borgen
Penalty Shots
Curtis Lazar, Ryan Lomberg, Nicolas Petan, Juho Lammikko, Trevor Moore
Custom OT Lines Forwards
Curtis Lazar, Ryan Lomberg, Nicolas Petan, Juho Lammikko, Trevor Moore, Axel Holmstrom, Mackenzie MacEachern, C.J. Smith, William Lockwood, Aleksi Heponiemi
Custom OT Lines Defensemen
Adam Ollas-Mattsson, Dan Renouf, William Lagesson, Daniil Miromanov, Will Borgen
Scratches
Charles Hudon (Healthy), Guillaume Brisebois (Healthy), Brandon Saigeon (Healthy), Jay O'Brien (Healthy), Michael Kesselring (Healthy)
Simon Bourque (Healthy), Rasmus Asplund (Healthy), Aku Raty (Healthy), Jake Paterson (Healthy), Marek Langhamer (Healthy)
Checkers
5 vs 5 Forward
Center Left Wing Right Wing Time % Phy DF OF
1 Dylan Gambrell Andrei Svechnikov Patrick Brown 40 0 2 3
2 Nick Abruzzese Grigori Denisenko Austin Poganski 30 0 2 3
3 Mitchell Heard Matt Puempel Kieffer Bellows 20 0 2 3
4 Shane Bowers Roberts Lipsbergs Tyce Thompson 10 0 2 3
5 vs 5 Defense
Defense Defense Time % Phy DF OF
1 Timothy Liljegren John Draeger 40 0 2 3
2 Viktor Baldayev Michael Anderson 30 0 2 3
3 Jared McIsaac Jordan Harris 20 0 2 3
4 Timothy Liljegren John Draeger 10 0 2 3
PowerPlay Forward
Center Left Wing Right Wing Time % Phy DF OF
1 Dylan Gambrell Andrei Svechnikov Patrick Brown 60 0 1 4
2 Nick Abruzzese Grigori Denisenko Austin Poganski 40 0 1 4
PowerPlay Defense
Defense Defense Time % Phy DF OF
1 Timothy Liljegren John Draeger 60 0 2 3
2 Michael Anderson Viktor Baldayev 40 0 2 3
Penalty Kill 4 Players Forward
Center Wing Time % Phy DF OF
1 Mitchell Heard Patrick Brown 60 1 3 1
2 Dylan Gambrell Matt Puempel 40 1 3 1
Penalty Kill 4 Players Defense
Defense Defense Time % Phy DF OF
1 Timothy Liljegren John Draeger 60 1 3 1
2 Viktor Baldayev Michael Anderson 40 1 3 1
Penalty Kill - 3 Players Forward
Forward Time % Phy DF OF
1 Mitchell Heard 60 1 3 1
2 Patrick Brown 40 1 3 1
Penalty Kill - 3 Players Defense
Defense Defense Time % Phy DF OF
1 Timothy Liljegren John Draeger 60 1 3 1
2 Viktor Baldayev Michael Anderson 40 1 3 1
4 vs 4 Forward
Center Wing Time % Phy DF OF
1 Dylan Gambrell Andrei Svechnikov 60 0 2 3
2 Nick Abruzzese Patrick Brown 40 0 2 3
4 vs 4 Defense
Defense Defense Time % Phy DF OF
1 Timothy Liljegren John Draeger 60 0 2 3
2 Viktor Baldayev Michael Anderson 40 0 2 3
Last Minutes Offensive
Center Left Wing Right Wing Defense Defense
Dylan Gambrell Andrei Svechnikov Patrick Brown Timothy Liljegren John Draeger
Last Minutes Defensive
Center Left Wing Right Wing Defense Defense
Dylan Gambrell Matt Puempel Patrick Brown John Draeger Timothy Liljegren
Goaltenders
Starting : Joseph Woll
Backup : Arvid Soderblom
Extra Forwards
Normal : Grigori Denisenko, Andrei Svechnikov, Dylan Gambrell - PP : Grigori Denisenko, Andrei Svechnikov - PK : Austin Poganski
Extra Defensemen
Normal : Viktor Baldayev, Timothy Liljegren, John Draeger - PP : Jared McIsaac - PK : Viktor Baldayev, John Draeger
Penalty Shots
Andrei Svechnikov, Dylan Gambrell, Matt Puempel, Patrick Brown, Grigori Denisenko
Custom OT Lines Forwards
Patrick Brown, Dylan Gambrell, Matt Puempel, Andrei Svechnikov, Mitchell Heard, Roberts Lipsbergs, Austin Poganski, Kieffer Bellows, Nick Abruzzese, Grigori Denisenko
Custom OT Lines Defensemen
John Draeger, Timothy Liljegren, Viktor Baldayev, Michael Anderson, Jared McIsaac
Scratches
Brett Pollock (Healthy), Mikhail Abramov (Healthy), Mattias Norlinder (Healthy), Nathan Legare (Healthy), Kirill Ustimenko (Healthy)
% Time on Ice - Canucks
Lines # - Real PCT - Wanted PCT - Time Play
Normal Forward
1 - 40% - 53% - 18:18
2 - 26% - 30% - 11:35
3 - 21% - 13% - 9:42
4 - 13% - 4% - 5:50
Normal Defense
1 - 49% - 50% - 22:23
2 - 33% - 30% - 14:59
3 - 18% - 15% - 8:03
4 - 0% - 5% - 0:00
PP Forward
1 - 55% - 60% - 3:18
2 - 45% - 40% - 2:39
PP Defense
1 - 65% - 60% - 3:51
2 - 35% - 40% - 2:06
PK Forward
1 - 72% - 60% - 6:13
2 - 28% - 40% - 2:25
PK Defense
1 - 56% - 60% - 4:51
2 - 44% - 40% - 3:47
PK3 Forward
1 - 0% - 60%
2 - 0% - 40%
PK3 Defense
1 - 0% - 60%
2 - 0% - 40%
44 Forward
1 - 0% - 60%
2 - 0% - 40%
44 Defense
1 - 0% - 60%
2 - 0% - 40%
Last Minute Offensive - 0:00
Last Minute Defensive - 0:00
Total
Forward - 60:00
Defense - 60:00
|
% Time on Ice - Checkers
Lines # - Real PCT - Wanted PCT - Time Play
Normal Forward
1 - 38% - 40% - 17:00
2 - 26% - 30% - 11:55
3 - 20% - 20% - 8:59
4 - 16% - 10% - 7:15
Normal Defense
1 - 42% - 40% - 19:01
2 - 29% - 30% - 13:11
3 - 25% - 20% - 11:21
4 - 4% - 10% - 1:36
PP Forward
1 - 56% - 60% - 4:48
2 - 44% - 40% - 3:50
PP Defense
1 - 54% - 60% - 4:42
2 - 46% - 40% - 3:56
PK Forward
1 - 92% - 60% - 5:28
2 - 8% - 40% - 0:29
PK Defense
1 - 63% - 60% - 3:46
2 - 37% - 40% - 2:11
PK3 Forward
1 - 0% - 60%
2 - 0% - 40%
PK3 Defense
1 - 0% - 60%
2 - 0% - 40%
44 Forward
1 - 0% - 60%
2 - 0% - 40%
44 Defense
1 - 0% - 60%
2 - 0% - 40%
Last Minute Offensive - 0:16
Last Minute Defensive - 0:00
Total
Forward - 60:00
Defense - 60:00
|
Play-by-Play
1st period
0:01 of 1st period - Nicolas Petan wins face-off versus Patrick Brown in neutral zone.
0:06 of 1st period - Slapshot by Curtis Lazar.
0:06 of 1st period - Deflect By Nicolas Petan.
0:06 of 1st period - Shot Misses the Net.
0:06 of 1st period - Puck is out of play.
0:07 of 1st period - Nicolas Petan wins face-off versus Dylan Gambrell in Checkers zone.
0:32 of 1st period - Dan Renouf is hit by Austin Poganski and loses puck.
0:56 of 1st period - Wrist shot by Mackenzie MacEachern.
0:56 of 1st period - Shot Misses the Net.
0:58 of 1st period - Wrist shot by William Lockwood.
0:58 of 1st period - Shot Blocked by Matt Puempel.
1:16 of 1st period - Snap shot by Lane Pederson.
1:16 of 1st period - Shot Misses the Net.
1:30 of 1st period - Michael Anderson is hit by Daniil Miromanov and loses puck.
1:46 of 1st period - Minor Penalty to Nicolas Petan for Tripping.
1:47 of 1st period - Trevor Moore wins face-off versus Dylan Gambrell in Canucks zone.
2:14 of 1st period - Ryan Lomberg is hit by Michael Anderson and loses puck.
3:46 of 1st period - Penalty to Nicolas Petan is over, Nicolas Petan is back on ice.
4:08 of 1st period - Wrist shot by Mackenzie MacEachern.
4:08 of 1st period - Stopped by Joseph Woll without a rebound.
4:09 of 1st period - Lane Pederson wins face-off versus Shane Bowers in Checkers zone.
4:14 of 1st period - Slapshot by C.J. Smith.
4:14 of 1st period - Shot Blocked by Jared McIsaac.
4:20 of 1st period - Will Borgen is hit by Roberts Lipsbergs and loses puck.
4:39 of 1st period - Jordan Harris is hit by Juho Lammikko and loses puck.
5:00 of 1st period - Wrist shot by Nicolas Petan.
5:00 of 1st period - Stopped by Joseph Woll without a rebound.
5:01 of 1st period - Nick Abruzzese wins face-off versus Curtis Lazar in Checkers zone.
5:26 of 1st period - Michael Anderson is hit by Trevor Moore and loses puck.
6:15 of 1st period - Snap shot by Austin Poganski.
6:15 of 1st period - Shot Misses the Net.
6:51 of 1st period - Snap shot by Roberts Lipsbergs.
6:51 of 1st period - Shot Blocked by Daniil Miromanov.
6:53 of 1st period - Snap shot by Roberts Lipsbergs.
6:53 of 1st period - Deflect By Shane Bowers.
6:53 of 1st period - Stopped by Thatcher Demko with a rebound.
6:55 of 1st period - Wrist shot by John Draeger.
6:55 of 1st period - Shot Misses the Net.
6:57 of 1st period - Snap shot by Roberts Lipsbergs.
6:57 of 1st period - Shot Misses the Net.
7:39 of 1st period - Ryan Lomberg is hit by Grigori Denisenko and loses puck.
7:55 of 1st period - Icing by Michael Anderson.
7:56 of 1st period - Shane Bowers wins face-off versus Aleksi Heponiemi in Checkers zone.
8:07 of 1st period - Michael Anderson is hit by Dan Renouf.
8:21 of 1st period - Wrist shot by Dylan Gambrell.
8:21 of 1st period - Goal by Dylan Gambrell - Canucks : 0 - Checkers : 1.
8:22 of 1st period - Nick Abruzzese wins face-off versus Nicolas Petan in neutral zone.
8:27 of 1st period - Ryan Lomberg is hit by Austin Poganski and loses puck.
8:34 of 1st period - Slapshot by Nicolas Petan.
8:34 of 1st period - Shot Blocked by John Draeger.
8:36 of 1st period - Snap shot by Ryan Lomberg.
8:36 of 1st period - Stopped by Joseph Woll without a rebound.
8:37 of 1st period - Nicolas Petan wins face-off versus Dylan Gambrell in Checkers zone.
8:40 of 1st period - Snap shot by Nicolas Petan.
8:40 of 1st period - Shot Misses the Net.
9:52 of 1st period - Slapshot by Andrei Svechnikov.
9:52 of 1st period - Goal by Andrei Svechnikov - Canucks : 0 - Checkers : 2.
9:53 of 1st period - Nicolas Petan wins face-off versus Dylan Gambrell in neutral zone.
9:55 of 1st period - Minor Penalty to William Lagesson for Roughing.
9:56 of 1st period - Patrick Brown wins face-off versus Nicolas Petan in Canucks zone.
10:23 of 1st period - Trevor Moore is hit by Nick Abruzzese.
11:55 of 1st period - Penalty to William Lagesson is over, William Lagesson is back on ice.
12:04 of 1st period - Jack Rathbone is hit by John Draeger and loses puck.
13:38 of 1st period - Lane Pederson is hit by Roberts Lipsbergs and loses puck.
14:03 of 1st period - Slapshot by William Lagesson.
14:03 of 1st period - Deflect By Timothy Liljegren.
14:03 of 1st period - Stopped by Joseph Woll without a rebound.
14:04 of 1st period - Nick Abruzzese wins face-off versus Nicolas Petan in Checkers zone.
14:04 of 1st period - Nick Abruzzese is hit by Curtis Lazar.
14:11 of 1st period - Off-side.
14:12 of 1st period - Nicolas Petan wins face-off versus Nick Abruzzese in neutral zone.
14:15 of 1st period - Wrist shot by Ryan Lomberg.
14:15 of 1st period - Goal by Ryan Lomberg - Canucks : 1 - Checkers : 2.
14:16 of 1st period - Dylan Gambrell wins face-off versus Nicolas Petan in neutral zone.
14:23 of 1st period - Slapshot by Andrei Svechnikov.
14:23 of 1st period - Stopped by Thatcher Demko with a rebound.
14:25 of 1st period - Wrist shot by John Draeger.
14:25 of 1st period - Stopped by Thatcher Demko with a rebound.
14:27 of 1st period - Slapshot by Andrei Svechnikov.
14:27 of 1st period - Stopped by Thatcher Demko without a rebound.
14:28 of 1st period - Dylan Gambrell wins face-off versus Nicolas Petan in Canucks zone.
14:29 of 1st period - Snap shot by Andrei Svechnikov.
14:29 of 1st period - Shot Misses the Net.
15:09 of 1st period - Minor Penalty to John Draeger for Cross-checking.
15:10 of 1st period - Nicolas Petan wins face-off versus Mitchell Heard in Checkers zone.
15:42 of 1st period - Snap shot by Axel Holmstrom.
15:42 of 1st period - Stopped by Joseph Woll without a rebound.
15:43 of 1st period - Nicolas Petan wins face-off versus Mitchell Heard in Checkers zone.
15:46 of 1st period - Wrist shot by Curtis Lazar.
15:46 of 1st period - Goal by Curtis Lazar - Canucks : 2 - Checkers : 2.
15:47 of 1st period - Nicolas Petan wins face-off versus Nick Abruzzese in neutral zone.
15:56 of 1st period - Snap shot by Nick Abruzzese.
15:56 of 1st period - Deflect By Grigori Denisenko.
15:56 of 1st period - Stopped by Thatcher Demko without a rebound.
15:57 of 1st period - Curtis Lazar wins face-off versus Nick Abruzzese in Canucks zone.
16:49 of 1st period - Snap shot by Nick Abruzzese.
16:49 of 1st period - Stopped by Thatcher Demko without a rebound.
16:50 of 1st period - Patrick Brown wins face-off versus Axel Holmstrom in Canucks zone.
17:40 of 1st period - Snap shot by C.J. Smith.
17:40 of 1st period - Shot Misses the Net.
17:42 of 1st period - Slapshot by Tobias Lindberg.
17:42 of 1st period - Shot Misses the Net.
17:44 of 1st period - Slapshot by Lane Pederson.
17:44 of 1st period - Stopped by Joseph Woll with a rebound.
18:08 of 1st period - Snap shot by Patrick Brown.
18:08 of 1st period - Stopped by Thatcher Demko with a rebound.
18:10 of 1st period - Snap shot by Andrei Svechnikov.
18:10 of 1st period - Shot Misses the Net.
18:25 of 1st period - Minor Penalty to Viktor Baldayev for Elbowing.
18:26 of 1st period - Nicolas Petan wins face-off versus Mitchell Heard in Checkers zone.
18:29 of 1st period - Wrist shot by Ryan Lomberg.
18:29 of 1st period - Deflect By Curtis Lazar.
18:29 of 1st period - Shot Hit the Post.
18:29 of 1st period - Puck is out of play.
18:30 of 1st period - Mitchell Heard wins face-off versus Nicolas Petan in Checkers zone.
19:05 of 1st period - Wrist shot by Juho Lammikko.
19:05 of 1st period - Shot Misses the Net.
Goals for this period are 2 for Canucks vs 2 for Checkers.
Shots for this period are 8 for Canucks vs 9 for Checkers.
2nd period
0:01 of 2nd period - Mitchell Heard wins face-off versus Nicolas Petan in neutral zone.
0:06 of 2nd period - Wrist shot by Patrick Brown.
0:06 of 2nd period - Shot Misses the Net.
0:08 of 2nd period - Slapshot by John Draeger.
0:08 of 2nd period - Shot Blocked by Nicolas Petan.
0:10 of 2nd period - Slapshot by Mitchell Heard.
0:10 of 2nd period - Stopped by Thatcher Demko with a rebound.
0:12 of 2nd period - Slapshot by Patrick Brown.
0:12 of 2nd period - Stopped by Thatcher Demko with a rebound.
0:14 of 2nd period - Slapshot by Timothy Liljegren.
0:14 of 2nd period - Stopped by Thatcher Demko without a rebound.
0:15 of 2nd period - Mitchell Heard wins face-off versus Nicolas Petan in Canucks zone.
0:25 of 2nd period - Penalty to Viktor Baldayev is over, Viktor Baldayev is back on ice.
0:26 of 2nd period - Snap shot by Dan Renouf.
0:26 of 2nd period - Deflect By Ryan Lomberg.
0:26 of 2nd period - Shot Misses the Net.
0:26 of 2nd period - Puck is out of play.
0:27 of 2nd period - Dylan Gambrell wins face-off versus Nicolas Petan in Checkers zone.
0:52 of 2nd period - Dan Renouf is hit by Austin Poganski and loses puck.
0:57 of 2nd period - Slapshot by Nick Abruzzese.
0:57 of 2nd period - Shot Blocked by Juho Lammikko.
0:59 of 2nd period - Snap shot by Nick Abruzzese.
0:59 of 2nd period - Shot Misses the Net.
1:01 of 2nd period - Slapshot by Timothy Liljegren.
1:01 of 2nd period - Stopped by Thatcher Demko with a rebound.
1:03 of 2nd period - Slapshot by Timothy Liljegren.
1:03 of 2nd period - Stopped by Thatcher Demko with a rebound.
1:22 of 2nd period - Snap shot by Mitchell Heard.
1:22 of 2nd period - Stopped by Thatcher Demko with a rebound.
1:32 of 2nd period - Aleksi Heponiemi is hit by Andrei Svechnikov and loses puck.
1:45 of 2nd period - Slapshot by Mackenzie MacEachern.
1:45 of 2nd period - Shot Misses the Net.
1:56 of 2nd period - Wrist shot by William Lockwood.
1:56 of 2nd period - Stopped by Joseph Woll with a rebound.
1:58 of 2nd period - Slapshot by Dan Renouf.
1:58 of 2nd period - Shot Misses the Net.
2:00 of 2nd period - Slapshot by Dan Renouf.
2:00 of 2nd period - Shot Blocked by Grigori Denisenko.
2:02 of 2nd period - Snap shot by Dan Renouf.
2:02 of 2nd period - Shot Blocked by Jared McIsaac.
2:04 of 2nd period - Snap shot by Mackenzie MacEachern.
2:04 of 2nd period - Shot Misses the Net.
2:32 of 2nd period - Snap shot by Nicolas Petan.
2:32 of 2nd period - Stopped by Joseph Woll with a rebound.
2:57 of 2nd period - Snap shot by Juho Lammikko.
2:57 of 2nd period - Stopped by Joseph Woll with a rebound.
2:59 of 2nd period - Wrist shot by Juho Lammikko.
2:59 of 2nd period - Deflect By Trevor Moore.
2:59 of 2nd period - Shot Misses the Net.
2:59 of 2nd period - Puck is out of play.
3:00 of 2nd period - Dylan Gambrell wins face-off versus Axel Holmstrom in Checkers zone.
3:27 of 2nd period - Nicolas Petan is hit by Austin Poganski and loses puck.
3:36 of 2nd period - Snap shot by Nick Abruzzese.
3:36 of 2nd period - Deflect By Austin Poganski.
3:36 of 2nd period - Stopped by Thatcher Demko with a rebound.
3:46 of 2nd period - Slapshot by William Lagesson.
3:46 of 2nd period - Stopped by Joseph Woll without a rebound.
3:47 of 2nd period - Mitchell Heard wins face-off versus Lane Pederson in Checkers zone.
4:12 of 2nd period - Will Borgen is hit by Dylan Gambrell and loses puck.
4:19 of 2nd period - Slapshot by Ryan Lomberg.
4:19 of 2nd period - Deflect By Curtis Lazar.
4:19 of 2nd period - Shot Misses the Net.
4:19 of 2nd period - Puck is out of play.
4:20 of 2nd period - Nicolas Petan wins face-off versus Dylan Gambrell in Checkers zone.
4:29 of 2nd period - Snap shot by Curtis Lazar.
4:29 of 2nd period - Shot Misses the Net.
4:45 of 2nd period - Viktor Baldayev is hit by Trevor Moore and loses puck.
4:54 of 2nd period - William Lagesson is hit by Grigori Denisenko.
5:10 of 2nd period - Slapshot by Michael Anderson.
5:10 of 2nd period - Stopped by Thatcher Demko with a rebound.
5:12 of 2nd period - Slapshot by Shane Bowers.
5:12 of 2nd period - Shot Blocked by Aleksi Heponiemi.
5:14 of 2nd period - Slapshot by Viktor Baldayev.
5:14 of 2nd period - Stopped by Thatcher Demko without a rebound.
5:15 of 2nd period - Nicolas Petan wins face-off versus Dylan Gambrell in Canucks zone.
5:47 of 2nd period - Grigori Denisenko is hit by Dan Renouf and loses puck.
6:29 of 2nd period - Slapshot by Roberts Lipsbergs.
6:29 of 2nd period - Shot Blocked by Daniil Miromanov.
6:31 of 2nd period - Minor Penalty to Daniil Miromanov for Tripping.
6:32 of 2nd period - Nicolas Petan wins face-off versus Dylan Gambrell in Canucks zone.
6:43 of 2nd period - Wrist shot by Andrei Svechnikov.
6:43 of 2nd period - Shot Blocked by Dan Renouf.
6:45 of 2nd period - Snap shot by Andrei Svechnikov.
6:45 of 2nd period - Deflect By Dylan Gambrell.
6:45 of 2nd period - Stopped by Thatcher Demko without a rebound.
6:46 of 2nd period - Nicolas Petan wins face-off versus Dylan Gambrell in Canucks zone.
7:13 of 2nd period - Grigori Denisenko is hit by Adam Ollas-Mattsson and loses puck.
8:31 of 2nd period - Penalty to Daniil Miromanov is over, Daniil Miromanov is back on ice.
8:42 of 2nd period - John Draeger is hit by C.J. Smith and loses puck.
10:15 of 2nd period - Nick Abruzzese is hit by Juho Lammikko and loses puck.
10:38 of 2nd period - Austin Poganski is hit by Curtis Lazar and loses puck.
11:04 of 2nd period - Andrei Svechnikov is hit by Juho Lammikko and loses puck.
11:41 of 2nd period - Slapshot by Shane Bowers.
11:41 of 2nd period - Deflect By Roberts Lipsbergs.
11:41 of 2nd period - Shot Misses the Net.
11:41 of 2nd period - Puck is out of play.
11:42 of 2nd period - Shane Bowers wins face-off versus Aleksi Heponiemi in Canucks zone.
12:19 of 2nd period - Snap shot by Patrick Brown.
12:19 of 2nd period - Shot Blocked by Axel Holmstrom.
12:30 of 2nd period - Off-side.
12:31 of 2nd period - Nicolas Petan wins face-off versus Nick Abruzzese in neutral zone.
13:06 of 2nd period - Slapshot by Juho Lammikko.
13:06 of 2nd period - Goal by Juho Lammikko - Canucks : 3 - Checkers : 2.
13:07 of 2nd period - Nicolas Petan wins face-off versus Dylan Gambrell in neutral zone.
13:10 of 2nd period - Slapshot by Adam Ollas-Mattsson.
13:10 of 2nd period - Shot Misses the Net.
13:32 of 2nd period - Nick Abruzzese is hit by Dan Renouf and loses puck.
13:57 of 2nd period - Axel Holmstrom is hit by Matt Puempel and loses puck.
14:08 of 2nd period - Snap shot by Matt Puempel.
14:08 of 2nd period - Stopped by Thatcher Demko without a rebound.
14:09 of 2nd period - Dylan Gambrell wins face-off versus Nicolas Petan in Canucks zone.
14:21 of 2nd period - Snap shot by Patrick Brown.
14:21 of 2nd period - Stopped by Thatcher Demko with a rebound.
14:23 of 2nd period - Snap shot by John Draeger.
14:23 of 2nd period - Stopped by Thatcher Demko with a rebound.
14:25 of 2nd period - Slapshot by Dylan Gambrell.
14:25 of 2nd period - Stopped by Thatcher Demko with a rebound.
14:32 of 2nd period - Icing by Jack Rathbone.
14:33 of 2nd period - Nick Abruzzese wins face-off versus Nicolas Petan in Canucks zone.
14:40 of 2nd period - Wrist shot by Austin Poganski.
14:40 of 2nd period - Stopped by Thatcher Demko with a rebound.
14:42 of 2nd period - Snap shot by Austin Poganski.
14:42 of 2nd period - Stopped by Thatcher Demko without a rebound.
14:43 of 2nd period - Nick Abruzzese wins face-off versus Axel Holmstrom in Canucks zone.
14:50 of 2nd period - Slapshot by Austin Poganski.
14:50 of 2nd period - Stopped by Thatcher Demko without a rebound.
14:51 of 2nd period - Juho Lammikko wins face-off versus Dylan Gambrell in Canucks zone.
14:55 of 2nd period - Off-side.
14:56 of 2nd period - Dylan Gambrell wins face-off versus Nicolas Petan in neutral zone.
15:25 of 2nd period - Slapshot by Austin Poganski.
15:25 of 2nd period - Shot Misses the Net.
15:31 of 2nd period - Wrist shot by Grigori Denisenko.
15:31 of 2nd period - Stopped by Thatcher Demko without a rebound.
15:32 of 2nd period - Nicolas Petan wins face-off versus Patrick Brown in Canucks zone.
15:43 of 2nd period - Snap shot by Dylan Gambrell.
15:43 of 2nd period - Shot Misses the Net.
16:10 of 2nd period - Wrist shot by Nick Abruzzese.
16:10 of 2nd period - Stopped by Thatcher Demko with a rebound.
16:16 of 2nd period - Grigori Denisenko is hit by Aleksi Heponiemi and loses puck.
16:21 of 2nd period - Snap shot by William Lockwood.
16:21 of 2nd period - Deflect By Michael Anderson.
16:21 of 2nd period - Shot Blocked by Nick Abruzzese.
16:21 of 2nd period - Puck is out of play.
16:22 of 2nd period - Dylan Gambrell wins face-off versus Nicolas Petan in Checkers zone.
16:29 of 2nd period - Adam Ollas-Mattsson is hit by Patrick Brown and loses puck.
16:57 of 2nd period - Slapshot by Timothy Liljegren.
16:57 of 2nd period - Shot Misses the Net.
16:59 of 2nd period - Snap shot by Shane Bowers.
16:59 of 2nd period - Shot Misses the Net.
17:01 of 2nd period - Slapshot by Timothy Liljegren.
17:01 of 2nd period - Deflect By Shane Bowers.
17:01 of 2nd period - Shot Misses the Net.
17:01 of 2nd period - Puck is out of play.
17:02 of 2nd period - Axel Holmstrom wins face-off versus Dylan Gambrell in Canucks zone.
17:12 of 2nd period - Slapshot by Viktor Baldayev.
17:12 of 2nd period - Stopped by Thatcher Demko with a rebound.
17:28 of 2nd period - William Lagesson is hit by Austin Poganski and loses puck.
17:51 of 2nd period - Slapshot by Shane Bowers.
17:51 of 2nd period - Shot Misses the Net.
17:53 of 2nd period - Snap shot by Roberts Lipsbergs.
17:53 of 2nd period - Shot Misses the Net.
17:55 of 2nd period - Slapshot by Roberts Lipsbergs.
17:55 of 2nd period - Goal by Roberts Lipsbergs - Canucks : 3 - Checkers : 3.
17:56 of 2nd period - Nicolas Petan wins face-off versus Dylan Gambrell in neutral zone.
18:06 of 2nd period - Ryan Lomberg is hit by Andrei Svechnikov and loses puck.
19:10 of 2nd period - Wrist shot by Shane Bowers.
19:10 of 2nd period - Stopped by Thatcher Demko with a rebound.
19:12 of 2nd period - Snap shot by Tyce Thompson.
19:12 of 2nd period - Shot Misses the Net.
19:28 of 2nd period - Slapshot by Patrick Brown.
19:28 of 2nd period - Shot Misses the Net.
19:44 of 2nd period - Wrist shot by Lane Pederson.
19:44 of 2nd period - Stopped by Joseph Woll with a rebound.
19:50 of 2nd period - Lane Pederson is hit by Jordan Harris and loses puck.
19:57 of 2nd period - Snap shot by Patrick Brown.
19:57 of 2nd period - Stopped by Thatcher Demko with a rebound.
19:59 of 2nd period - Snap shot by Patrick Brown.
19:59 of 2nd period - Stopped by Thatcher Demko without a rebound.
Goals for this period are 1 for Canucks vs 1 for Checkers.
Shots for this period are 6 for Canucks vs 24 for Checkers.
3rd period
0:01 of 3rd period - Dylan Gambrell wins face-off versus Nicolas Petan in neutral zone.
0:04 of 3rd period - Wrist shot by Patrick Brown.
0:04 of 3rd period - Stopped by Thatcher Demko without a rebound.
0:05 of 3rd period - Curtis Lazar wins face-off versus Patrick Brown in Canucks zone.
0:10 of 3rd period - Andrei Svechnikov is hit by Nicolas Petan and loses puck.
0:21 of 3rd period - Slapshot by Ryan Lomberg.
0:21 of 3rd period - Shot Misses the Net.
0:31 of 3rd period - Wrist shot by Timothy Liljegren.
0:31 of 3rd period - Stopped by Thatcher Demko without a rebound.
0:32 of 3rd period - Axel Holmstrom wins face-off versus Nick Abruzzese in Canucks zone.
2:29 of 3rd period - Wrist shot by Curtis Lazar.
2:29 of 3rd period - Stopped by Joseph Woll with a rebound.
2:31 of 3rd period - Snap shot by Nicolas Petan.
2:31 of 3rd period - Shot Misses the Net.
2:33 of 3rd period - Snap shot by Nicolas Petan.
2:33 of 3rd period - Shot Blocked by John Draeger.
2:35 of 3rd period - Snap shot by Jack Rathbone.
2:35 of 3rd period - Stopped by Joseph Woll with a rebound.
2:37 of 3rd period - Snap shot by Jack Rathbone.
2:37 of 3rd period - Shot Misses the Net.
3:29 of 3rd period - Juho Lammikko is hit by Grigori Denisenko and loses puck.
3:49 of 3rd period - Austin Poganski is hit by Ryan Lomberg and loses puck.
4:09 of 3rd period - Will Borgen is hit by John Draeger and loses puck.
4:54 of 3rd period - Roberts Lipsbergs is hit by C.J. Smith and loses puck.
5:01 of 3rd period - Lane Pederson is hit by Roberts Lipsbergs.
5:35 of 3rd period - Slapshot by William Lockwood.
5:35 of 3rd period - Shot Misses the Net.
6:22 of 3rd period - Minor Penalty to Ryan Lomberg for Unsportsmanlike conduct.
6:23 of 3rd period - Dylan Gambrell wins face-off versus Nicolas Petan in Canucks zone.
6:25 of 3rd period - Snap shot by Andrei Svechnikov.
6:25 of 3rd period - Deflect By Patrick Brown.
6:25 of 3rd period - Shot Blocked by Dan Renouf.
6:25 of 3rd period - Puck is out of play.
6:26 of 3rd period - Nicolas Petan wins face-off versus Dylan Gambrell in Canucks zone.
6:26 of 3rd period - Nicolas Petan is hit by Viktor Baldayev.
6:34 of 3rd period - Slapshot by Michael Anderson.
6:34 of 3rd period - Stopped by Thatcher Demko without a rebound.
6:35 of 3rd period - Nicolas Petan wins face-off versus Dylan Gambrell in Canucks zone.
6:47 of 3rd period - Slapshot by Dan Renouf.
6:47 of 3rd period - Stopped by Joseph Woll without a rebound.
6:48 of 3rd period - Nicolas Petan wins face-off versus Dylan Gambrell in Checkers zone.
6:57 of 3rd period - Nicolas Petan is hit by John Draeger and loses puck.
7:02 of 3rd period - Wrist shot by Andrei Svechnikov.
7:02 of 3rd period - Shot Hit the Post.
7:04 of 3rd period - Slapshot by Timothy Liljegren.
7:04 of 3rd period - Goal by Timothy Liljegren - Canucks : 3 - Checkers : 4.
7:05 of 3rd period - Dylan Gambrell wins face-off versus Nicolas Petan in neutral zone.
7:59 of 3rd period - Slapshot by Michael Anderson.
7:59 of 3rd period - Stopped by Thatcher Demko with a rebound.
8:05 of 3rd period - Wrist shot by Roberts Lipsbergs.
8:05 of 3rd period - Shot Misses the Net.
8:15 of 3rd period - Snap shot by William Lagesson.
8:15 of 3rd period - Stopped by Joseph Woll without a rebound.
8:16 of 3rd period - Kieffer Bellows wins face-off versus Curtis Lazar in Checkers zone.
8:41 of 3rd period - Andrei Svechnikov is hit by Aleksi Heponiemi and loses puck.
8:52 of 3rd period - Slapshot by Mackenzie MacEachern.
8:52 of 3rd period - Stopped by Joseph Woll without a rebound.
8:53 of 3rd period - Nick Abruzzese wins face-off versus Nicolas Petan in Checkers zone.
9:21 of 3rd period - Snap shot by Axel Holmstrom.
9:21 of 3rd period - Shot Misses the Net.
9:23 of 3rd period - Slapshot by Will Borgen.
9:23 of 3rd period - Shot Blocked by Andrei Svechnikov.
9:25 of 3rd period - Wrist shot by Axel Holmstrom.
9:25 of 3rd period - Shot Misses the Net.
9:27 of 3rd period - Wrist shot by Juho Lammikko.
9:27 of 3rd period - Shot Misses the Net.
9:29 of 3rd period - Slapshot by Will Borgen.
9:29 of 3rd period - Shot Blocked by Dylan Gambrell.
9:35 of 3rd period - Minor Penalty to Patrick Brown for Roughing.
9:36 of 3rd period - Mitchell Heard wins face-off versus Nicolas Petan in Checkers zone.
10:09 of 3rd period - Slapshot by Adam Ollas-Mattsson.
10:09 of 3rd period - Shot Misses the Net.
10:11 of 3rd period - Slapshot by Adam Ollas-Mattsson.
10:11 of 3rd period - Stopped by Joseph Woll without a rebound.
10:12 of 3rd period - Mitchell Heard wins face-off versus Nicolas Petan in Checkers zone.
10:12 of 3rd period - Mitchell Heard is hit by Curtis Lazar.
10:24 of 3rd period - Snap shot by Nicolas Petan.
10:24 of 3rd period - Shot Misses the Net.
10:26 of 3rd period - Snap shot by Daniil Miromanov.
10:26 of 3rd period - Shot Misses the Net.
10:32 of 3rd period - Snap shot by Juho Lammikko.
10:32 of 3rd period - Stopped by Joseph Woll without a rebound.
10:33 of 3rd period - Mitchell Heard wins face-off versus Nicolas Petan in Checkers zone.
10:49 of 3rd period - Off-side.
10:50 of 3rd period - Trevor Moore wins face-off versus Austin Poganski in neutral zone.
10:57 of 3rd period - Wrist shot by Trevor Moore.
10:57 of 3rd period - Goal by Trevor Moore - Canucks : 4 - Checkers : 4.
10:58 of 3rd period - Dylan Gambrell wins face-off versus Nicolas Petan in neutral zone.
11:19 of 3rd period - Ryan Lomberg is hit by John Draeger and loses puck.
11:26 of 3rd period - John Draeger is hit by Ryan Lomberg and loses puck.
11:31 of 3rd period - Snap shot by Curtis Lazar.
11:31 of 3rd period - Shot Blocked by Timothy Liljegren.
11:33 of 3rd period - Slapshot by Curtis Lazar.
11:33 of 3rd period - Stopped by Joseph Woll with a rebound.
11:35 of 3rd period - Slapshot by Dan Renouf.
11:35 of 3rd period - Stopped by Joseph Woll without a rebound.
11:36 of 3rd period - Nick Abruzzese wins face-off versus Axel Holmstrom in Checkers zone.
12:03 of 3rd period - Viktor Baldayev is hit by Mackenzie MacEachern and loses puck.
12:08 of 3rd period - Snap shot by Mackenzie MacEachern.
12:08 of 3rd period - Stopped by Joseph Woll without a rebound.
12:09 of 3rd period - Dylan Gambrell wins face-off versus Nicolas Petan in Checkers zone.
12:22 of 3rd period - Wrist shot by Andrei Svechnikov.
12:22 of 3rd period - Stopped by Thatcher Demko without a rebound.
12:23 of 3rd period - Nick Abruzzese wins face-off versus Nicolas Petan in Canucks zone.
12:24 of 3rd period - Slapshot by Timothy Liljegren.
12:24 of 3rd period - Shot Blocked by Adam Ollas-Mattsson.
12:26 of 3rd period - Wrist shot by Grigori Denisenko.
12:26 of 3rd period - Deflect By Curtis Lazar.
12:26 of 3rd period - Shot Misses the Net.
12:26 of 3rd period - Puck is out of play.
12:27 of 3rd period - Nick Abruzzese wins face-off versus Curtis Lazar in Canucks zone.
12:37 of 3rd period - Slapshot by Dan Renouf.
12:37 of 3rd period - Deflect By Curtis Lazar.
12:37 of 3rd period - Shot Misses the Net.
12:37 of 3rd period - Puck is out of play.
12:38 of 3rd period - Nicolas Petan wins face-off versus Dylan Gambrell in Checkers zone.
12:41 of 3rd period - Slapshot by Ryan Lomberg.
12:41 of 3rd period - Goal by Ryan Lomberg - Canucks : 5 - Checkers : 4.
12:42 of 3rd period - Nicolas Petan wins face-off versus Patrick Brown in neutral zone.
12:46 of 3rd period - Minor Penalty to Patrick Brown for Slashing.
12:47 of 3rd period - Nicolas Petan wins face-off versus Mitchell Heard in Checkers zone.
13:24 of 3rd period - Slapshot by Axel Holmstrom.
13:24 of 3rd period - Stopped by Joseph Woll without a rebound.
13:25 of 3rd period - Nicolas Petan wins face-off versus Dylan Gambrell in Checkers zone.
13:50 of 3rd period - Michael Anderson is hit by William Lagesson and loses puck.
14:46 of 3rd period - Penalty to Patrick Brown is over, Patrick Brown is back on ice.
15:03 of 3rd period - Icing by Grigori Denisenko.
15:04 of 3rd period - Nick Abruzzese wins face-off versus Aleksi Heponiemi in Checkers zone.
15:19 of 3rd period - Wrist shot by William Lockwood.
15:19 of 3rd period - Stopped by Joseph Woll with a rebound.
15:25 of 3rd period - William Lockwood is hit by Austin Poganski.
15:46 of 3rd period - Slapshot by Adam Ollas-Mattsson.
15:46 of 3rd period - Stopped by Joseph Woll without a rebound.
15:47 of 3rd period - Mitchell Heard wins face-off versus Nicolas Petan in Checkers zone.
15:52 of 3rd period - Slapshot by Michael Anderson.
15:52 of 3rd period - Stopped by Thatcher Demko without a rebound.
15:53 of 3rd period - Mitchell Heard wins face-off versus Nicolas Petan in Canucks zone.
16:04 of 3rd period - Slapshot by William Lagesson.
16:04 of 3rd period - Stopped by Joseph Woll with a rebound.
16:06 of 3rd period - Backhand shot by Daniil Miromanov.
16:06 of 3rd period - Shot Misses the Net.
16:08 of 3rd period - Slapshot by William Lagesson.
16:08 of 3rd period - Stopped by Joseph Woll without a rebound.
16:09 of 3rd period - Nicolas Petan wins face-off versus Dylan Gambrell in Checkers zone.
16:16 of 3rd period - Snap shot by Curtis Lazar.
16:16 of 3rd period - Stopped by Joseph Woll with a rebound.
16:18 of 3rd period - Wrist shot by Curtis Lazar.
16:18 of 3rd period - Stopped by Joseph Woll without a rebound.
16:19 of 3rd period - Dylan Gambrell wins face-off versus Nicolas Petan in Checkers zone.
17:11 of 3rd period - Slapshot by Patrick Brown.
17:11 of 3rd period - Deflect By Ryan Lomberg.
17:11 of 3rd period - Stopped by Thatcher Demko with a rebound.
17:27 of 3rd period - Wrist shot by Curtis Lazar.
17:27 of 3rd period - Stopped by Joseph Woll without a rebound.
17:28 of 3rd period - Axel Holmstrom wins face-off versus Mitchell Heard in Checkers zone.
17:44 of 3rd period - Minor Penalty to Axel Holmstrom for Tripping.
17:45 of 3rd period - Nick Abruzzese wins face-off versus Nicolas Petan in Canucks zone.
18:24 of 3rd period - Snap shot by Nick Abruzzese.
18:24 of 3rd period - Shot Blocked by William Lagesson.
18:32 of 3rd period - Snap shot by Grigori Denisenko.
18:32 of 3rd period - Shot Misses the Net.
18:34 of 3rd period - Wrist shot by Michael Anderson.
18:34 of 3rd period - Stopped by Thatcher Demko with a rebound.
18:36 of 3rd period - Wrist shot by Austin Poganski.
18:36 of 3rd period - Stopped by Thatcher Demko with a rebound.
18:38 of 3rd period - Wrist shot by Nick Abruzzese.
18:38 of 3rd period - Deflect By Grigori Denisenko.
18:38 of 3rd period - Shot Misses the Net.
18:38 of 3rd period - Puck is out of play.
18:39 of 3rd period - Ryan Lomberg wins face-off versus Dylan Gambrell in Canucks zone.
18:50 of 3rd period - Checkers, Joseph Woll is pulled from the net.
19:44 of 3rd period - Penalty to Axel Holmstrom is over, Axel Holmstrom is back on ice.
Goals for this period are 2 for Canucks vs 1 for Checkers.
Shots for this period are 20 for Canucks vs 10 for Checkers.